 Dungeon Crawl Stone Soup version 0.31-a0-18-gea43df2a32 (webtiles) character file.

Game seed: 12515756120634663937

23 TheFallenCrow the Covered (level 3, -8/31 HPs)
             Began as a Meteoran Fighter on May 12, 2023.
             Mangled by Robin
             ... wielding a +2 heavy falchion
              (13 damage)
             ... on level 2 of the Dungeon.
             The game lasted 00:01:19 (414 turns).

TheFallenCrow the Covered (Meteoran Fighter)         Turns: 414, Time: 00:01:19

Health: -8/31      AC:  7    Str: 19    XL:     3   Next: 29%
Magic:  4/4        EV:  9    Int: 10    God:
Gold:   44         SH:  5    Dex: 13    Spells: 2/2 levels left

rFire   . . .        a - +0 flail
rCold   . . .        c - +0 buckler
rNeg    . . .        b - +0 scale mail
rPois   .            (no helmet)
rElec   .            (no cloak)
rCorr   .            (no gloves)
SInv    .            (no boots)
Will    .....        (no amulet) Stlth
                     (no ring)
HPRegen 0.25/turn    (no ring)
MPRegen 0.09/turn

%: no passive effects
@: lethally poisoned (-8 -> -12), glowing
A: sense surroundings 1, otherworldly, glowing, explore regen
a: no special abilities


You were on level 2 of the Dungeon.
You visited 1 branch of the dungeon, and saw 2 of its levels.

You collected 44 gold pieces.

Inventory:

Hand Weapons
 a - a +0 flail (weapon)
Armour
 b - a +0 scale mail (worn)
 c - a +0 buckler (worn)
Potions
 d - a potion of might


   Skills:
 + Level 3.6 Fighting
 + Level 3.2 Maces & Flails
 + Level 4.1 Armour
 + Level 3.8 Shields


You had 2 spell levels left.
You didn't know any spells.
Your spell library was empty.

Dungeon Overview and Level Annotations

Branches:
Dungeon (2/15) Zot: 785

Altars:

Annotations:
D:2 Robin


Innate Abilities, Weirdness & Mutations

You passively map a small area around you.
You are easily found by Zot.
You glow in the dark.
You regain HP and MP as you explore.


Message History

You start waiting.
You feel yourself slow down.
You start waiting.
A rat comes into view.
You closely miss the rat.
The rat bites you but does no damage. x2
You barely miss the rat. The rat barely misses you.
You hit the rat.
You kill the rat!
No target in view!
There is a stone staircase leading down here.
You climb downwards.
Level annotation: Robin
There is a stone staircase leading up here.
You block Robin's attack.
You barely miss Robin.
Robin hits you with a +2 heavy falchion!
You completely miss Robin. You barely miss the adder. You block Robin's attack.
The adder barely misses you. The adder bites you but does no damage.
You miss the adder. You block Robin's attack. The adder bites you.
You miss the adder. You block the adder's attack.
Robin hits you with a +2 heavy falchion!
* * * LOW HITPOINT WARNING * * *
The adder bites you.
* * * LOW HITPOINT WARNING * * *
You are too injured to fight recklessly!
You are too injured to fight recklessly!
You are too injured to fight recklessly!
You sock Robin!
Robin is heavily wounded.
The adder closely misses you. Robin closely misses you. The adder bites you.
* * * LOW HITPOINT WARNING * * *
You are poisoned.
The adder poisons you!
You hit Robin.
Robin is almost dead.
* * * LOW HITPOINT WARNING * * *
You feel sick. The adder bites you but does no damage.
Robin hits you with a +2 heavy falchion!
You die...

#.#* * #.# #.# #.#
#.# #.#####
#<#...## #..###.#
#..@.#.# ##S#g#.#
##...## ##(## #.#
#.#
#################.#
....).)....Sg.....#
###################


You could see Robin and an adder.

Vanquished Creatures
  A dart slug (D:1)
  A ball python (D:1)
  2 bats (D:1)
  An endoplasm (D:1)
  8 goblins
  A hobgoblin (D:1)
  A frilled lizard (D:1)
  A kobold (D:1)
  3 rats (D:1)
19 creatures vanquished.

Notes
Turn   | Place    | Note
-------+----------+-------------------------------------------
     0 | D:1      | TheFallenCrow the Meteoran Fighter began the quest for the
                  | Orb.
     0 | D:1      | Reached XP level 1. HP: 19/19 MP: 2/2
   148 | D:1      | Reached XP level 2. HP: 24/26 MP: 3/3
   156 | D:1      | Reached skill level 4 in Armour
   245 | D:2      | Noticed Robin
   255 | D:2      | Reached XP level 3. HP: 11/31 MP: 4/4
   270 | D:2      | HP: 1/31 [Robin/+2 heavy falchion (6)]
   414 | D:2      | Mangled by Robin

Illustrated notes

Levels and vault maps discovered:
D:1:      kilobyte_arrival_exit_the_forest, layout_loops_ring, serial_shops,
          shop, columned_hall_lemuel, minmay_domino_4
D:2:      layout_loops_ring, uniq_robin

Skill      XL: |  1  2 |
---------------+-------+-----
Armour         | 4 |  4.1
Maces & Flails | 3 |  3.2
Fighting       | |  3.6
Shields        | |  3.8

Action                     || total
---------------------------++-------
  Melee: Flail             ||    62
    Use: Potion            ||     1
 Armour: Scale mail        ||    23
  Dodge: Dodged            ||    21
  Block: Buckler           ||    18

Table legend: (Time is in decaauts)
 A = Elapsed time spent in this place.
 B = Non-inter-level travel time spent in this place.
 C = Inter-level travel time spent in this place.
 D = Time resting spent in this place.
 E = Time spent auto-exploring this place.
 F = Levels seen in this place.
 G = Mean time per level.
                   A        B        C        D        E       F      G
               +--------+--------+--------+--------+--------+-----+--------+
         Total |    413 |    400 |     13 |     96 |    179 |   2 |  206.5 |
       Dungeon |    413 |    400 |     13 |     96 |    179 |   2 |  206.5 |
               +--------+--------+--------+--------+--------+-----+--------+

Top non-repeatable levels by time:
     D:1: 337 daAuts
     D:2: 75 daAuts
